 Dungeon Crawl Stone Soup version 0.29.1-15-g9cfb28693d (webtiles) character file.

Game seed: 154519621204648045

20 growler the Insei (level 2, 0/21 HPs)
             Began as a Merfolk Transmuter on Mar 13, 2023.
             Slain by a gnoll
             ... wielding a +0 spear
              (8 damage)
             ... on level 1 of the Dungeon.
             The game lasted 00:01:39 (599 turns).

growler the Insei (Merfolk Transmuter)               Turns: 599, Time: 00:01:39

Health: 0/21       AC:  2    Str: 10    XL:     2   Next: 79%
Magic:  1/5        EV: 12    Int: 12    God:
Gold:   68         SH:  0    Dex: 14    Spells: 2/5 levels left

rFire   . . .      SeeInvis .     - Unarmed
rCold   . . .      Faith    .   (no shield)
rNeg    . . .      Spirit   .   a - +0 robe
rPois   .          Reflect  .   (helmet currently unavailable)
rElec   .          Harm     .   (no cloak)
rCorr   .          Rampage  .   (no gloves)
Will    .....                   (boots currently unavailable)
Stlth   +.........              (no amulet)
HPRegen 0.07/turn               b - ring of flight
MPRegen 0.09/turn               (no ring)

@: appendages (expiring), wereblooded, flying
A: horns 2, (nimble swimmer 2), mertail
a: End Transformation


You were on level 1 of the Dungeon.
You had temporarily grown beastly horns.
You visited 1 branch of the dungeon, and saw 1 of its levels.

You collected 68 gold pieces.

Inventory:

Armour
 a - a +0 robe (worn)
Jewellery
 b - a ring of flight (left hand)
Scrolls
 e - a scroll of teleportation {unknown}
 g - a scroll of identify {unknown}
Potions
 c - a potion of might {unknown}
 d - a potion of attraction {unknown}
 f - a potion of haste {unknown}


   Skills:
 - Level 1.1 Fighting
 - Level 2.6 Dodging
 + Level 3.7 Unarmed Combat
 + Level 2.3 Spellcasting
 + Level 3.3 Transmutations


You had 2 spell levels left.
You knew the following spells:

 Your Spells              Type           Power      Damage    Failure   Level
a - Beastly Appendage     Tmut           18%        N/A       7%          1
b - Wereblood             Tmut           9%         N/A       10%         2

Your spell library contained the following spells:

 Spells                   Type           Power      Damage    Failure   Level
 Spider Form              Tmut/Pois      5%         N/A       36%         3
 Ice Form                 Ice/Tmut       5%         N/A       78%         4


Dungeon Overview and Level Annotations

Branches:
Dungeon (1/15)

Altars:


Innate Abilities, Weirdness & Mutations

You have temporarily grown beastly horns.
((You are very nimble when in or above water. (Stealth+, EV+, Speed+++)))
Your lower body shifts to a powerful aquatic tail in water.


Message History

Nothing appears to happen.
The bat closely misses you.
A ball python comes into view.
The frilled lizard barely misses you. The bat closely misses you.
The bat barely misses you. The bat hits you. The bat attacks as you move away!
The bat hits you. The bat barely misses you. The bat barely misses you.
The bat hits you.
The frilled lizard attacks as you move away!
The frilled lizard closely misses you. The bat attacks as you move away!
The bat closely misses you. The bat hits you but does no damage.
Casting: Wereblood (safe; 11% risk of failure)
Confirm with . or Enter, or press ? or * to list all spells.
Your blood is infused with primal strength.
The frilled lizard bites you.
You miss the frilled lizard. You closely miss the frilled lizard.
Your headbutt misses the frilled lizard.
Your transformation is almost over.
The frilled lizard bites you.
Your magical contamination has completely faded away.
You miss the frilled lizard. The frilled lizard misses you.
You barely miss the frilled lizard. The frilled lizard closely misses you.
The gnoll barely misses you.
You hit the goblin.
The goblin is heavily wounded.
The frilled lizard bites you but does no damage.
The gnoll misses you. The goblin hits you with a +0 dagger.
You hit the goblin.
You feel a bit better.
You kill the goblin!
The gnoll hits you from afar with a +0 spear!
* * * LOW HITPOINT WARNING * * *
The frilled lizard barely misses you.
Things that are here:
a +0 dagger; a goblin corpse You miss the frilled lizard.
You headbutt the frilled lizard.
You feel a bit better.
You kill the frilled lizard!
The bat closely misses you. The gnoll hits you with a +0 spear!
You die...

###.#...#...#..####.# #.#~
####.....###..##..# #.#.
##._.## ##.....# #.##
####.....###......#####.#.
#.#...#...#..###.....##.#.
#....###.....# ##.##...(#.
##..## ##..## #)#####.#.
##..###).## #.# #...
#..###b#@.# #.# #...
#....#S#g## #.# #...
#.##.....# #.# #...
#.###...#### #.# #... #.#
##.....# #.# #... #.#
#..##$..# #.# .... #.#
#..# #.# ..# #..## ...
#..# . #.. .. ..##


You could see a gnoll.

Vanquished Creatures
  A dart slug (D:1)
  An endoplasm (D:1)
  3 goblins (D:1)
  A hobgoblin (D:1)
  3 jackals (D:1)
  A quokka (D:1)
  3 ball pythons (D:1)
  A frilled lizard (D:1)
  A kobold (D:1)
  A rat (D:1)
16 creatures vanquished.

Notes
Turn   | Place    | Note
-------+----------+-------------------------------------------
     0 | D:1      | growler the Merfolk Transmuter began the quest for the Orb.
     0 | D:1      | Reached XP level 1. HP: 15/15 MP: 3/3
    70 | D:1      | Reached XP level 2. HP: 10/21 MP: 5/5
    73 | D:1      | Learned a level 2 spell: Wereblood
   545 | D:1      | Found a faded altar of an unknown god.
   599 | D:1      | Slain by a gnoll

Illustrated notes

Levels and vault maps discovered:
D:1:      dpeg_arrival_more_subterranean_lakeside_camping, layout_rooms,
          nicolae_ecumenical_snake_handling, st_stairs_2

Skill      XL: |  1 |
---------------+----+-----
Transmutations | 3 |  3.3
Fighting       | |  1.1
Dodging        | |  2.6
Unarmed Combat | |  3.7
Spellcasting   | |  2.3

Action                   || total
-------------------------++-------
Melee: Unarmed           ||    50
       Headbutt          ||     4
 Cast: Beastly Appendage ||     6
       Wereblood         ||     1
  Use: Potion            ||     1
Armor: Skin              ||     4
       Robe              ||    10
Dodge: Dodged            ||    34
